 Dungeon Crawl Stone Soup version 0.27-b1-23-g44b8eac545 (webtiles) character file.

Game seed: 1537311951817611741

375 SunEater the Ruffian (level 6, -12/61 HPs)
             Began as a Troll Berserker on July 27, 2021.
             Was a Believer of Trog.
             Mangled by Duvessa (18 damage)
             ... on level 4 of the Dungeon.
             The game lasted 00:10:28 (2920 turns).

SunEater the Ruffian (Troll Berserker)              Turns: 2920, Time: 00:10:29

Health: -12/61     AC:  4    Str: 28    XL:     6   Next: 44%
Magic:  5/5        EV: 10    Int:  3    God:    Trog [**....]
Gold:   108        SH:  0    Dex:  9    Spells: 5/5 levels left

rFire    . . .     SeeInvis .     - Unarmed
rCold    . . .     Faith    .   (no shield)
rNeg     . . .     Spirit   .   a - +0 animal skin
rPois    .         Reflect  .   (helmet restricted)
rElec    .         Harm     .   (no cloak)
rCorr    .         Rampage  .   (gloves unavailable)
Will     ++...                  (boots unavailable)
Stlth    +.........             (no amulet)
HPRegen  2.20/turn              (no ring)
MPRegen  0.09/turn              (no ring)

@: strong-willed (expiring), on berserk cooldown, regenerating (expiring),
slowed, very slow
A: large, unfitting armour, claws 3, regeneration 1, shaggy fur 1, tough skin 1
a: Renounce Religion, Berserk, Trog's Hand


You were on level 4 of the Dungeon.
You worshipped Trog.
Trog was pleased with you.
You visited 1 branch of the dungeon, and saw 4 of its levels.

You collected 212 gold pieces.
You spent 104 gold pieces at shops.

Inventory:

Armour
 a - a +0 animal skin (worn)
Jewellery
 i - a ring of flight
Wands
 k - a wand of iceblast (8)
Scrolls
 d - 2 scrolls of teleportation
 f - a scroll of amnesia {unknown}
 j - a scroll of brand weapon {unknown}
 l - a scroll of blinking {unknown}
Potions
 b - a potion of berserk rage {unknown}
 c - 2 potions of magic {unknown}
 e - 2 potions of might {unknown}
 g - a potion of heal wounds
 h - a potion of cancellation {unknown}


   Skills:
 + Level 3.3 Fighting
 + Level 3.5 Dodging
 - Level 0.1 Stealth
 + Level 5.9 Unarmed Combat


You had 5 spell levels left.
You didn't know any spells.
Your spell library was empty.

Dungeon Overview and Level Annotations

Branches:
Dungeon (4/15)
 Temple: D:4-7

Altars:

Shops:
D:2 *

Annotations:
D:4 Duvessa


Innate Abilities, Weirdness & Mutations

You are too large for most types of armour.
You have claws for hands.
Your natural rate of healing is unusually fast.
You are covered in fur. (AC +1)
You have tough skin. (AC +1)


Message History

Dowan points at you and mumbles some strange words.
The puff of flame hits you! Duvessa hits you with a +0 rapier.
You mangle Dowan!!
You kill Dowan!
Trog accepts your kill.
Trog appreciates your killing of a magic user.
Duvessa screams, "No!
How DARE you!"
Duvessa goes berserk!
Duvessa hits you with a +0 rapier!
You closely miss Duvessa. Duvessa hits you with a +0 rapier!!
You scratch Duvessa.
Duvessa is lightly wounded.
Duvessa hits you with a +0 rapier!
You completely miss Duvessa.
Duvessa is lightly wounded.
You closely miss Duvessa. Your claw misses Duvessa.
Duvessa is lightly wounded.
Duvessa barely misses you.
You barely miss Duvessa.
Duvessa is lightly wounded.
Duvessa hits you with a +0 rapier!
* * * LOW HITPOINT WARNING * * *
You barely miss Duvessa. Your claw misses Duvessa.
Duvessa is lightly wounded.
You feel the effects of Trog's Hand fading.
Duvessa hits you with a +0 rapier!
* * * LOW HITPOINT WARNING * * *
You claw Duvessa! Your claw misses Duvessa.
Duvessa is moderately wounded.
You scratch Duvessa. Your claw misses Duvessa.
Duvessa is heavily wounded.
You are no longer berserk.
You are exhausted.
You feel yourself slow down. Duvessa hits you with a +0 rapier!
* * * LOW HITPOINT WARNING * * *
You scratch Duvessa. You claw Duvessa.
Duvessa is heavily wounded.
Duvessa hits you with a +0 rapier.
* * * LOW HITPOINT WARNING * * *
Duvessa hits you with a +0 rapier!!
You die...

########..# ####
#..## ###..##
#...####.....##
##............##
#.......###...####
###### #......##
##.[..#. ##..).#
#.....## ##.....
#..)..## ##e....#
##.... ##..#...###
#)@)..## ##...
#.<###..).###.....#
##... #.##
##.)....######
#...# #.# ##)...##
##..## #.# ##...#
#...# #.# ##..#
#...# #.# #..#
######..## #.# #..#
##..# ##..# #.#
##..# ##...# ##..


You could see Duvessa (berserk).

Vanquished Creatures
  A centaur (D:4)
  Dowan (D:4)
  A jelly (D:2)
  An orc priest (D:4)
  Ijyb (D:4)
  An orc wizard (D:4)
  A hound skeleton (D:4)
  2 adders (D:3)
  An adder skeleton (D:3)
  2 worms
  A dart slug (D:4)
  13 orcs
  3 ball pythons
  4 bats
  14 endoplasms
  4 giant cockroaches
  A goblin (D:2)
  9 hobgoblins
  5 jackals
  A quokka (D:1)
  3 frilled lizards (D:1)
  12 kobolds
  2 rats
84 creatures vanquished.

Vanquished Creatures (others)
  A ball python (D:4)
  2 fungi (D:2)
  8 toadstools (D:2)
11 creatures vanquished.

Grand Total: 95 creatures vanquished

Notes
Turn   | Place    | Note
-------+----------+-------------------------------------------
     0 | D:1      | SunEater the Troll Berserker began the quest for the Orb.
     0 | D:1      | Reached XP level 1. HP: 22/22 MP: 0/0
   148 | D:1      | Reached XP level 2. HP: 21/29 MP: 1/1
   328 | D:1      | Found a faded altar of an unknown god.
   888 | D:2      | You fall into a shaft and drop 2 floors!
   902 | D:4      | Noticed an ogre
   916 | D:4      | Reached XP level 3. HP: 36/36 MP: 2/2
  1063 | D:3      | Reached skill level 4 in Unarmed Combat
  1070 | D:3      | Reached ** piety under Trog
  1074 | D:3      | Reached XP level 4. HP: 44/44 MP: 3/3
  1190 | D:2      | Found Mapif's General Store.
  1223 | D:2      | Bought a potion of heal wounds for 65 gold pieces
  1731 | D:2      | Bought a scroll of teleportation for 39 gold pieces
  2001 | D:3      | Reached XP level 5. HP: 53/53 MP: 4/4
  2269 | D:4      | Noticed a centaur
  2287 | D:4      | Killed a centaur
  2288 | D:4      | Reached skill level 5 in Unarmed Combat
  2322 | D:4      | Noticed Ijyb
  2328 | D:4      | Killed Ijyb
  2535 | D:4      | Reached XP level 6. HP: 61/61 MP: 5/5
  2900 | D:4      | Noticed Duvessa
  2902 | D:4      | Noticed Dowan
  2911 | D:4      | Killed Dowan
  2920 | D:4      | Mangled by Duvessa

Illustrated notes

Levels and vault maps discovered:
D:1:      eino_arrival_tree_alley, layout_basic, ebering_ecumenical_altar_rust
D:2:      cheibrodos_fertilizer, layout_basic, serial_shops, shop_fountains
D:3:      layout_loops_ring
D:4:      layout_layer_cave, minmay_temple_entry_offerings, uniq_duvessa,
          uniq_ijyb, uniq_robin

Skill      XL: |  1  2  3  4  5 |
---------------+----------------+-----
Unarmed Combat | 4 5 |  5.9
Fighting       | 3 |  3.3
Dodging        | 3 |  3.5
Stealth        | |  0.1

Action                   |  1- 3 |  4- 6 || total
-------------------------+-------+-------++-------
Melee: Unarmed           |    91 |   137 ||   228
       Punch             |     1 |     3 ||     4
Invok: Trog's Hand       |       |     3 ||     3
       Berserk           |       |     2 ||     2
 Stab: Sleeping          |       |     1 ||     1
Armor: Animal skin       |    26 |    31 ||    57
Dodge: Dodged            |    41 |    55 ||    96
